 Dungeon Crawl Stone Soup version 0.31-a0-263-ge8cad7f256 (webtiles) character file.

Game seed: 16913194547989974099

252 Shard1697 the Caller (level 5, -2/38 HPs)
             Began as a Draconian Hedge Wizard on July 14, 2023.
             Was a Believer of Dithmenos.
             Slain by a gnoll
             ... wielding a +0 whip
             ... led by a gnoll bouda
              (8 damage)
             ... on level 3 of the Dungeon.
             The game lasted 00:12:29 (3517 turns).

Shard1697 the Caller (Draconian Hedge Wizard)       Turns: 3517, Time: 00:12:30

Health: -2/38      AC:  7    Str: 13    XL:     5   Next: 89%
Magic:  5/9        EV: 12    Int: 16    God:    Dithmenos [**....]
Gold:   165        SH:  0    Dex: 10    Spells: 3/10 levels left

rFire   . . .        a - +0 short sword
rCold   . . .        (no shield)
rNeg    . . .        (body armour unavailable)
rPois   .            m - +2 hat
rElec   .            (no cloak)
rCorr   .            (no gloves)
SInv    .            (no boots)
Will    .....        (no amulet)
Stlth   ++           (no ring)
HPRegen 0.26/turn    (no ring)
MPRegen 0.11/turn

%: no passive effects
@: wreathed by umbra
A: AC +5, unfitting armour, cold-blooded
a: Renounce Religion, Shadow Step


You were on level 3 of the Dungeon.
You worshipped Dithmenos.
Dithmenos was pleased with you.
You visited 1 branch of the dungeon, and saw 4 of its levels.

You collected 165 gold pieces.

Inventory:

Hand Weapons
 a - a +0 short sword (weapon)
Armour
 m - a +2 hat (worn)
Jewellery
 r - a +6 ring of intelligence
Talismans
 o - a blade talisman
Wands
 n - a wand of flame (13)
Scrolls
 d - a scroll of acquirement {unknown}
 f - a scroll of enchant armour {unknown}
 g - 9 scrolls of identify {unknown}
 i - a scroll of vulnerability {unknown}
 k - a scroll of amnesia {unknown}
 p - a scroll of silence {unknown}
Potions
 b - a potion of heal wounds {unknown}
 c - a potion of magic
 e - 2 potions of curing {unknown}
 h - a potion of attraction {unknown}
 j - a potion of berserk rage {unknown}
 l - a potion of haste {unknown}
 q - a potion of resistance {unknown}


   Skills:
 - Level 1.7 Dodging
 - Level 2.0 Stealth
 - Level 1.0 Unarmed Combat
 - Level 3.0 Spellcasting
 - Level 1.5 Conjurations
 + Level 3.0 Hexes
 + Level 3.3 Summonings
 - Level 1.0 Translocations
 - Level 1.7 Shapeshifting


You had 3 spell levels left.
You knew the following spells:

 Your Spells              Type           Power      Damage    Failure   Level
a - Magic Dart            Conj           28%        1d4       10%         1
b - Summon Guardian Gole  Hex/Summ       12%        N/A       16%         3
c - Slow                  Hex            48%        N/A       5%          1
t - Call Imp              Summ           26%        N/A       7%          2

Your spell library contained the following spells:

 Spells                   Type           Power      Damage    Failure   Level
 Tukima's Dance           Hex            12%        N/A       16%         3
 Blink                    Tloc           10%        N/A       19%         2
 Static Discharge         Conj/Air       8%         2-3/arc   21%         2
 Cigotuvi's Dreadful Rot  Necr/Pois/Air  4%         N/A       28%         2
 Inner Flame              Hex/Fire       7%         N/A       30%         3
 Mephitic Cloud           Conj/Pois/Air  4%         N/A       41%         3
 Summon Lightning Spire   Summ/Air       7%         N/A       67%         4
 Passage of Golubria      Tloc           5%         N/A       77%         4
 Airstrike                Air            1%         2d(1-17)  88%         4
 Yara's Violent Unravell  Hex/Tmut       3%         3d4       95%         5
 Enfeeble                 Hex            6%         N/A       100%        7
 Orb of Destruction       Conj           3%         9d5       100%        7
 Spellforged Servitor     Conj/Summ      5%         N/A       100%        7


Dungeon Overview and Level Annotations

Branches:
Dungeon (4/15)             Temple (0/1) D:4

Altars:
Dithmenos
Okawaru


Innate Abilities, Weirdness & Mutations

Your plain brown scales are hard. (AC +5)
You cannot fit into any form of body armour.
You are cold-blooded and may be slowed by cold attacks.


Message History

Your cerulean imp disappears in a puff of smoke!
The gnoll bouda barks out a call to the hunt!
The gnoll picks up the pace!
The gnoll barely misses you.
Your attacks no longer feel as feeble.
The gnoll is no longer moving quickly.
The gnoll attacks as you move away! The gnoll hits you but does no damage.
The gnoll attacks as you move away! The gnoll hits you with a +0 whip.
The gnoll attacks as you move away!
The gnoll hits you but does no damage. x2
The gnoll attacks as you move away! The gnoll hits you with a +0 flail.
There is a stone staircase leading up here.
The gnoll closely misses you. The gnoll barely misses you.
You climb upwards.
There is a stone staircase leading down here.
Casting: Magic Dart (safe; 10% risk of failure)
Confirm with . or Enter, or press ? or * to list all spells.
A tiny devil pulls itself out of the air.
The gnoll barely misses you. The gnoll hits you with a +0 whip!
The gnoll barely misses you.
Your cerulean imp hits the gnoll with a -3 spear.
The gnoll hits your cerulean imp with a +0 flail!
Your cerulean imp completely misses the gnoll.
The gnoll misses you. The gnoll attacks as you move away!
The gnoll hits you with a +0 whip.
* * * LOW HITPOINT WARNING * * *
The gnoll is no longer moving quickly.
The gnoll misses your cerulean imp.
Your cerulean imp hits the gnoll with a -3 spear.
The gnoll barely misses your cerulean imp.
Your cerulean imp hits the gnoll with a -3 spear.
Something barely misses your cerulean imp.
Your cerulean imp barely misses the gnoll.
The gnoll attacks as you move away! The gnoll hits you with a +0 whip.
* * * LOW HITPOINT WARNING * * *
Something hits your cerulean imp.
Casting: Call Imp (safe; 7% risk of failure)
Confirm with . or Enter, or press ? or * to list all spells.
A tiny devil pulls itself out of the air.
Your cerulean imp disappears in a puff of smoke!
The gnoll hits you with a +0 whip!
You die...

### ##.## ##...## #
#######.....########
#..@g5§..........##.
#.#####g....######..
#.# ##.>.## ##. #.#
##..# #. #.# #..# #.
#.# #..######### #.#
#.....†....# #.#
#.##########
#.#######.#


You could see 2 gnolls and a friendly cerulean imp (summoned).

Vanquished Creatures
  An ogre (D:4)
  A gnoll (D:4)
  3 adders
  3 dart slugs
  An orc (D:3)
  9 bats
  3 endoplasms
  3 giant cockroaches
  2 goblins
  4 hobgoblins
  A jackal (D:2)
  5 kobolds
  3 quokkas
  5 ball pythons
  5 frilled lizards
  8 rats
57 creatures vanquished.

Vanquished Creatures (collateral kills)
  A sleepcap (D:4)
  4 gnolls (D:4)
  3 goblins
  A hobgoblin (D:2)
  A jackal (D:2)
  A kobold (D:1)
11 creatures vanquished.

Grand Total: 68 creatures vanquished

Notes
Turn   | Place    | Note
-------+----------+-------------------------------------------
     0 | D:1      | Shard1697 the Draconian Hedge Wizard began the quest for
                  | the Orb.
     0 | D:1      | Reached XP level 1. HP: 14/14 MP: 4/4
     8 | D:1      | Found a faded altar of an unknown god.
    22 | D:1      | Prayed at the altar of an unknown god.
    22 | D:1      | Became a worshipper of Dithmenos the Shadowed
    22 | D:1      | Reached * piety under Dithmenos
    25 | D:1      | Learned a level 1 spell: Slow
   260 | D:1      | Reached XP level 2. HP: 20/20 MP: 1/6
   263 | D:1      | Learned a level 2 spell: Call Imp
   321 | D:1      | Reached skill level 1 in Hexes
   936 | D:1      | Reached XP level 3. HP: 21/26 MP: 2/7
  1160 | D:2      | Reached ** piety under Dithmenos
  1644 | D:2      | Reached XP level 4. HP: 33/33 MP: 8/8
  1656 | D:2      | Found an iron altar of Okawaru.
  2089 | D:3      | Identified the +0 ring mail of the Enchanted Forest {rPois
                  | Will+}
  2134 | D:3      | Learned a level 3 spell: Summon Guardian Golem
  2763 | D:4      | Noticed an ogre
  2818 | D:4      | Reached skill level 1 in Shapeshifting
  2895 | D:4      | Reached skill level 1 in Unarmed Combat
  2922 | D:4      | Reached XP level 5. HP: 38/38 MP: 6/9
  3167 | D:4      | Found a staircase to the Ecumenical Temple.
  3496 | D:4      | Killed an ogre
  3517 | D:3      | Slain by a gnoll

Illustrated notes

Levels and vault maps discovered:
D:1:      psy_arrival_terrarium, layout_rooms, hellmonk_ecumenical_altar_blasted
D:2:      layout_loops_cross, basic_altar, chequers_garden, hex_medium
D:3:      layout_loops_ring, wander_ebering_terrifying_dragon_lair
D:4:      layout_layer_cave, minmay_temple_entry_trees, kennysheep_small_spiral

Skill      XL: |  1  2  3  4  5 |
---------------+----------------+-----
Hexes          | 1 2 3 |  3.0
Summonings     | 2 3 |  3.3
Stealth        | 2 |  2.0
Shapeshifting  | 1 |  1.7
Unarmed Combat | 1 |  1.0
Dodging        | |  1.7
Spellcasting   | |  3.0
Conjurations   | |  1.5
Translocations | |  1.0

Action                     |  1- 3 |  4- 6 || total
---------------------------+-------+-------++-------
  Melee: Dagger            |    41 |       ||    41
         Tailslap          |     9 |     9 ||    18
         Short sword       |    54 |    74 ||   128
         Punch             |     1 |     1 ||     2
   Cast: Magic Dart        |    45 |    17 ||    62
         Call Imp          |     9 |    15 ||    24
         Slow              |       |     1 ||     1
  Evoke: Wand              |       |     7 ||     7
   Stab: Sleeping          |     7 |     5 ||    12
 Armour: Skin              |    35 |    22 ||    57
  Dodge: Dodged            |    91 |    63 ||   154
         Form:             |       |     1 ||     1
         Blade             |       |     1 ||     1

Table legend: (Time is in decaauts)
 A = Elapsed time spent in this place.
 B = Non-inter-level travel time spent in this place.
 C = Inter-level travel time spent in this place.
 D = Time resting spent in this place.
 E = Time spent auto-exploring this place.
 F = Levels seen in this place.
 G = Mean time per level.
                   A        B        C        D        E       F      G
               +--------+--------+--------+--------+--------+-----+--------+
         Total |   3516 |   3379 |    137 |    243 |   2231 |   4 |  879.0 |
       Dungeon |   3516 |   3379 |    137 |    243 |   2231 |   4 |  879.0 |
               +--------+--------+--------+--------+--------+-----+--------+

Top non-repeatable levels by time:
     D:1: 1027 daAuts
     D:4: 950 daAuts
     D:2: 825 daAuts
     D:3: 712 daAuts
